 Dungeon Crawl Stone Soup version 0.30-a0-371-gad7725a93e (webtiles) character file.

Game seed: 11532811642832192407

158 Muataran the Ruffian (level 5, 0/53 HPs)
             Began as a Troll Monk on Nov 20, 2022.
             Slain by an orc
             ... wielding a +0 falchion
              (5 damage)
             ... on level 3 of the Dungeon.
             The game lasted 00:02:19 (1193 turns).

Muataran the Ruffian (Troll Monk)                   Turns: 1193, Time: 00:02:19

Health: 0/53       AC:  4    Str: 19    XL:     5   Next: 16%
Magic:  4/4        EV:  8    Int:  8    God:
Gold:   98         SH:  6    Dex: 12    Spells: 4/4 levels left

rFire   . . .      SeeInvis .      - Unarmed
rCold   . . .      Faith    .    t - +0 kite shield
rNeg    . . .      Spirit   .    a - +0 robe
rPois   .          Reflect  .    (helmet restricted)
rElec   .          Harm     .    (no cloak)
rCorr   .          Rampage  .    (gloves unavailable)
Will    .....                    (boots unavailable)
Stlth   ++........               (no amulet)
HPRegen 1.08/turn                (no ring)
MPRegen 0.09/turn                (no ring)

@: no status effects
A: large, unfitting armour, claws 3, regeneration 1, shaggy fur 1, tough skin 1
a: no special abilities


You were on level 3 of the Dungeon.
You visited 1 branch of the dungeon, and saw 3 of its levels.

You collected 98 gold pieces.

Inventory:

Armour
 a - a +0 robe (worn)
 t - a +0 kite shield (worn)
Scrolls
 f - a scroll of identify {unknown}
 g - a scroll of poison {unknown}
 h - 2 scrolls of acquirement {unknown}
 k - 2 scrolls of blinking {unknown}
 l - a scroll of magic mapping {unknown}
 m - a scroll of immolation {unknown}
 o - 2 scrolls of amnesia {unknown}
 q - a scroll of fog {unknown}
Potions
 b - a potion of ambrosia
 c - a potion of mutation {unknown}
 d - a potion of berserk rage {unknown}
 e - 2 potions of lignification {unknown}
 i - 2 potions of haste {unknown}
 j - a potion of curing {unknown}
 n - a potion of magic {unknown}
 p - a potion of might {unknown}
 r - 3 potions of brilliance {unknown}
 s - a potion of degeneration {unknown}


   Skills:
 + Level 3.3 Fighting
 - Level 2.4 Dodging
 - Level 1.0 Stealth
 + Level 0.3 Shields
 * Level 5.1 Unarmed Combat


You had 4 spell levels left.
You didn't know any spells.
Your spell library contained the following spells:

 Spells                   Type           Power      Damage    Failure   Level
 Freeze                   Ice            0%         1d3       75%         1
 Cigotuvi's Dreadful Rot  Necr/Pois/Air  0%         N/A       86%         2
 Poisonous Vapours        Pois/Air       0%         N/A       86%         2
 Frozen Ramparts          Ice            0%         1d1       98%         3
 Hailstorm                Conj/Ice       0%         3d3       98%         3
 Mephitic Cloud           Conj/Pois/Air  0%         N/A       98%         3
 Olgreb's Toxic Radiance  Pois           0%         N/A       100%        4
 Yara's Violent Unravell  Hex/Tmut       0%         3d3       100%        5
 Enfeeble                 Hex            0%         N/A       100%        7
 Ozocubu's Refrigeration  Ice            0%         4d7       100%        7
 Ignition                 Fire           0%         3d3       100%        8


Dungeon Overview and Level Annotations

Branches:
Dungeon (3/15)

Altars:

Annotations:
D:2 1 runed translucent door, Crazy Yiuf


Innate Abilities, Weirdness & Mutations

You are too large for most types of armour.
You have claws for hands.
Your natural rate of healing is unusually fast.
You are covered in fur. (AC +1)
You have tough skin. (AC +1)


Message History

The orc barely misses you. x2; The orc hits you with a +0 flail.
You are too injured to fight recklessly!
You are too injured to fight recklessly!
Unknown command.
You are too injured to fight recklessly!
You are too injured to fight recklessly!
You are too injured to fight recklessly!
You scratch the orc.
The orc is severely wounded.
The orc hits you but does no damage. You block the orc's attack. x2
The orc barely misses you. x2
You closely miss the orc.
The orc is severely wounded.
The orc closely misses you. You block the orc's attack.
The orc hits you with a +0 falchion.
The orc hits you from afar with a +0 trident.
* * * LOW HITPOINT WARNING * * *
The orc hits you with a +0 hand axe.
* * * LOW HITPOINT WARNING * * *
You scratch the orc.
You kill the orc!
The orc hits you but does no damage. The orc hits you with a +0 flail.
* * * LOW HITPOINT WARNING * * *
The orc hits you from afar with a +0 trident.
* * * LOW HITPOINT WARNING * * *
The orc barely misses you.
You scratch the orc.
The orc is lightly wounded.
The orc hits you but does no damage. You block the orc's attack.
The orc hits you from afar with a +0 trident.
* * * LOW HITPOINT WARNING * * *
The orc hits you with a +0 falchion.
* * * LOW HITPOINT WARNING * * *
You claw the orc!
You kill the orc!
You block the orc's attack. The orc closely misses you.
The orc hits you but does no damage.
You closely miss the orc. You block the orc's attack.
The orc barely misses you. The orc hits you with a +0 falchion.
You die...

...### #.###.#######
.########.# #.#
....#.....###.#
###...####....#####
##..##..........##
###..#............##
#..................#
##.###..............#
...# #.........)@>..#
#### #.........oo†..#
#........<...o.#
.................
##................
##########....... .
....... # .......


You could see 3 orcs.

Vanquished Creatures
  An orc priest (D:3)
  Jessica (D:2)
  An adder (D:3)
  A worm (D:3)
  2 dart slugs (D:1)
  11 orcs (D:3)
  10 endoplasms
  4 giant cockroaches
  6 goblins
  7 hobgoblins
  4 jackals
  4 quokkas
  5 ball pythons
  2 bats (D:1)
  3 frilled lizards
  A kobold (D:3)
  4 rats
67 creatures vanquished.

Notes
Turn   | Place    | Note
-------+----------+-------------------------------------------
     0 | D:1      | Muataran the Troll Monk began the quest for the Orb.
     0 | D:1      | Reached XP level 1. HP: 22/22 MP: 0/0
    37 | D:1      | Reached XP level 2. HP: 29/29 MP: 1/1
   233 | D:1      | Reached XP level 3. HP: 36/36 MP: 2/2
   351 | D:1      | Reached skill level 4 in Unarmed Combat
   535 | D:2      | Found a faded altar of an unknown god.
   573 | D:2      | Found a runed translucent door.
   574 | D:2      | Noticed Crazy Yiuf
   630 | D:2      | Noticed Jessica
   634 | D:2      | Killed Jessica
   635 | D:2      | Reached XP level 4. HP: 36/45 MP: 3/3
  1021 | D:3      | Reached skill level 5 in Unarmed Combat
  1072 | D:3      | Reached XP level 5. HP: 53/53 MP: 4/4
  1193 | D:3      | Slain by an orc

Illustrated notes

Levels and vault maps discovered:
D:1:      dpeg_arrival_rooms_with_view, layout_basic
D:2:      minmay_spotlight, layout_loops_cross, basic_ecumenical_altar,
          uniq_crazy_yiuf_cottage, uniq_jessica
D:3:      layout_rooms

Skill      XL: |  1  2  3  4 |
---------------+-------------+-----
Unarmed Combat | 4 5 |  5.1
Fighting       | 3 |  3.3
Dodging        | |  2.4
Stealth        | |  1.0
Shields        | |  0.3

Action                   |  1- 3 |  4- 6 || total
-------------------------+-------+-------++-------
Melee: Unarmed           |    96 |    63 ||   159
 Stab: Sleeping          |     6 |     2 ||     8
Armor: Robe              |    26 |    16 ||    42
Dodge: Dodged            |    46 |    32 ||    78
Block: Kite shield       |       |    20 ||    20

Table legend: (Time is in decaauts)
 A = Elapsed time spent in this place.
 B = Non-inter-level travel time spent in this place.
 C = Inter-level travel time spent in this place.
 D = Time resting spent in this place.
 E = Time spent auto-exploring this place.
 F = Levels seen in this place.
 G = Mean time per level.
                   A        B        C        D        E       F      G
               +--------+--------+--------+--------+--------+-----+--------+
         Total |   1186 |   1160 |     26 |      0 |    788 |   3 |  395.3 |
       Dungeon |   1186 |   1160 |     26 |      0 |    788 |   3 |  395.3 |
               +--------+--------+--------+--------+--------+-----+--------+

Top non-repeatable levels by time:
     D:1: 461 daAuts
     D:2: 440 daAuts
     D:3: 284 daAuts
